 Dungeon Crawl Stone Soup version 0.22.0-75-g3901e7991e (webtiles) character file.

1771 Kaderl the Firebug (level 9, -9/61 HPs)
             Began as a Human Fire Elementalist on Sept 14, 2018.
             Mangled by Harold
             ... wielding a +0 short sword
              (11 damage)
             ... on level 7 of the Dungeon.
             The game lasted 00:33:14 (7806 turns).

Kaderl the Firebug (Human Fire Elementalist)        Turns: 7806, Time: 00:33:14

Health: -9/61      AC:  3    Str:  9    XL:     9   Next: 28%
Magic:  0/18       EV: 13    Int: 24    God:
Gold:   378        SH:  0    Dex: 13    Spells: 14/20 levels left

rFire    . . .     SeeInvis +     - Unarmed
rCold    . . .     Gourm    .   (no shield)
rNeg     . . .     Faith    .   a - +1 robe
rPois    .         Spirit   .   (no helmet)
rElec    .         Reflect  .   (no cloak)
rCorr    .         Harm     .   (no gloves)
MR       +....                  (no boots)
Stlth    ++........             (no amulet)
HPRegen  0.20/turn              f - ring of see invisible
MPRegen  0.16/turn              m - ring of protection from magic

@: brilliant, about to teleport, marked
A: no striking features
a: no special abilities


You were on level 7 of the Dungeon.
You were not hungry.

You visited 1 branch of the dungeon, and saw 7 of its levels.

You collected 378 gold pieces.

Inventory:

Armour
 a - a +1 robe (worn)
Jewellery
 f - a ring of see invisible (left hand)
 m - a ring of protection from magic (right hand)
Wands
 c - a wand of enslavement (10)
 l - a wand of clouds (7)
 n - a wand of iceblast (16)
Scrolls
 e - 3 scrolls of amnesia
 h - 2 scrolls of remove curse
 k - a scroll of fog
 s - a scroll of teleportation
 t - a scroll of blinking
Potions
 b - 2 potions of curing
 d - 3 potions of brilliance
 g - a potion of resistance
 i - a potion of mutation {unknown}
 o - a potion of magic {unknown}
 p - 2 potions of flight {unknown}
 q - a potion of experience {unknown}
 r - a potion of might {unknown}
Comestibles
 j - 5 rations


   Skills:
 + Level 1.7 Fighting
 + Level 3.0 Dodging
 + Level 3.1 Stealth
 + Level 1.0 Unarmed Combat
 + Level 6.2 Spellcasting
 + Level 5.7 Conjurations
 + Level 6.7 Fire Magic


You had 14 spell levels left.
You knew the following spells:

 Your Spells              Type           Power        Failure   Level  Hunger
a - Flame Tongue          Conj/Fire      #####        1%          1    None
b - Throw Flame           Conj/Fire      ######       1%          2    None
c - Conjure Flame         Conj/Fire      ######..     1%          3    None

Your spell library contained the following spells:

 Spells                   Type           Power        Failure   Level  Hunger
 Sticks to Snakes         Tmut           ###.....     1%          2    None
 Inner Flame              Hex/Fire       #####...     1%          3    None
 Sticky Flame             Conj/Fire      ######..     1%          4    ###....
 Fireball                 Conj/Fire      ######....   2%          5    #####..
 Alistair's Intoxication  Tmut/Pois      ###.....     22%         5    #####..
 Dragon Form              Tmut           ###.......   99%         7    #######


Dungeon Overview and Level Annotations

Branches:
Dungeon (7/15)
 Temple: D:4-7

Altars:
Dithmenos
Fedhas
Gozag
Okawaru
Qazlal

Annotations:
D:7 Harold


Message History

You struggle against the net.
Harold casts a spell at you. A sentinel's mark forms upon you.
Casting: Flame Tongue (safe; 1% risk of failure)
Confirm with . or Enter, or press ? or * to list all spells.
Aiming: Flame Tongue (safe; 1% risk of failure)
Press: ? - help, Shift-Dir - straight line, f/p - Harold
Aim: Harold, wielding a short sword and wearing a chain mail (severely wounded)
The flame tongue hits Harold.
Harold appears unharmed.
Harold is severely wounded.
Harold hits you with a short sword!
You tear a large gash into the net.
Harold hits you with a short sword!
* * * LOW HITPOINT WARNING * * *
You rip the net and break free!
Harold hits you with a short sword.
* * * LOW HITPOINT WARNING * * *
As you read the scroll of teleportation, it crumbles to dust.
You feel strangely unstable. Harold hits you with a short sword!
* * * LOW HITPOINT WARNING * * *
Harold hits you with a short sword!
You die...

###)### #.# #####.#
##...#.###
#........#
####.###.##### #####
#.# #.....###...##
###.###.#.#o........
#..@....#...###...##
###.@....#### #####
#.#.......#
#.#..#.##.#
#.#.....# #
.....#..# ..#.###.#
....#. .. ..#.


You could see Harold.

Vanquished Creatures
  Grinder (D:5)
  A hungry ghost (D:7)
  An orc warrior (D:7)
  2 sky beasts (D:5)
  A phantom (D:6)
  A black bear (D:6)
  An ogre (D:6)
  A bullfrog (D:6)
  A water moccasin zombie (D:6)
  3 scorpions
  A hound (D:5)
  2 orc priests
  4 orc wizards
  Ijyb (D:5)
  4 iguanas (D:5)
  A worker ant (D:5)
  A howler monkey zombie (D:7)
  4 gnolls (D:5)
  10 adders
  2 shadow imps
  An ooze (D:5)
  3 worms
  4 dart slugs
  5 leopard geckos
  19 orcs
  A giant cockroach (D:2)
  7 goblins
  8 hobgoblins
  4 jackals (D:6)
  2 quokkas
  12 bats
  4 frilled lizards
  A jackal zombie (D:5)
  6 kobolds
  4 rats
124 creatures vanquished.

Notes
Turn   | Place    | Note
-------+----------+-------------------------------------------
     0 | D:1      | Kaderl the Human Fire Elementalist began the quest for the
                  | Orb.
     0 | D:1      | Reached XP level 1. HP: 13/13 MP: 3/3
    81 | D:1      | Reached XP level 2. HP: 10/19 MP: 0/5
   147 | D:1      | Learned a level 2 spell: Throw Flame
   502 | D:1      | Reached XP level 3. HP: 23/24 MP: 1/6
  1059 | D:2      | HP: 1/24 [worm (11)]
  1203 | D:2      | Reached XP level 4. HP: 16/30 MP: 0/7
  1344 | D:2      | Found an opulent altar of Gozag.
  1866 | D:2      | Reached XP level 5. HP: 35/35 MP: 2/9
  2148 | D:3      | Learned a level 3 spell: Conjure Flame
  2248 | D:3      | Found a shadowy altar of Dithmenos.
  2928 | D:3      | Reached XP level 6. HP: 41/41 MP: 8/10
  3821 | D:5      | Entered Level 5 of the Dungeon
  3848 | D:5      | HP: 2/41 [orc/mace (4)]
  4201 | D:5      | Noticed a sky beast
  4206 | D:5      | Reached skill level 5 in Fire Magic
  4374 | D:5      | Noticed Ijyb
  4384 | D:5      | Killed Ijyb
  4481 | D:5      | Reached XP level 7. HP: 45/47 MP: 5/12
  4720 | D:5      | Noticed Grinder
  4964 | D:5      | Reached XP level 8. HP: 53/53 MP: 6/14
  5254 | D:5      | Killed Grinder
  5254 | D:5      | Reached skill level 5 in Spellcasting
  5962 | D:6      | Reached skill level 1 in Fighting
  6091 | D:6      | Identified Qolisio's Handbook of Transmigration and the
                  | Blaze
  6102 | D:6      | Found a stormy altar of Qazlal.
  6108 | D:6      | Reached skill level 5 in Conjurations
  6302 | D:6      | Found an iron altar of Okawaru.
  6425 | D:6      | Found a blossoming altar of Fedhas.
  6497 | D:6      | Reached XP level 9. HP: 54/59 MP: 10/17
  7182 | D:7      | Reached skill level 1 in Unarmed Combat
  7322 | D:7      | HP: 2/61 [orc warrior/glaive (22)]
  7757 | D:7      | Noticed Harold
  7805 | D:7      | HP: 2/61 [Harold/short sword (13)]
  7806 | D:7      | Mangled by Harold

Skill      XL: |  1  2  3  4  5  6  7  8  9 |
---------------+----------------------------+-----
Fire Magic     | 4 5 6 |  6.7
Spellcasting   | 3 4 5 6 |  6.2
Conjurations   | 2 3 4 5 |  5.7
Fighting       | 1 |  1.7
Stealth        | 3 |  3.1
Unarmed Combat | 1 |  1.0
Dodging        | 3 |  3.0

Action                   |  1- 3 |  4- 6 |  7- 9 || total
-------------------------+-------+-------+-------++-------
Melee: Unarmed           |    29 |     7 |    38 ||    74
 Cast: Flame Tongue      |    76 |   124 |   136 ||   336
       Throw Flame       |     2 |    18 |    50 ||    70
       Conjure Flame     |       |     2 |     4 ||     6
Evoke: Wand              |       |       |     1 ||     1
  Use: Scroll            |     2 |    14 |     4 ||    20
       Potion            |       |       |     1 ||     1
  Eat: Ration            |     1 |     3 |     5 ||     9
Armor: Robe              |    19 |     7 |    23 ||    49
Dodge: Dodged            |    45 |    38 |    73 ||   156
